[Event "Titled Tuesday Blitz November 15 Early 2022"]
[White "Guzman, Christopher"]
[Black "Van Foreest, Machteld"]
[WhiteFideId "6405096"]
[BlackFideId "1051563"]
[WhiteElo "2272"]
[BlackElo "2018"]
[Result "1/2-1/2"]
[Round "03"]
[TimeControl "180+1"]
[Date "2022.11.16"]
[WhiteClock "0:01:28"]
[BlackClock "0:00:16"]

1. e4 c5 2. Nf3 e6 3. d4 cxd4 4. Nxd4 Nc6 5. Nc3 Nf6 6. Ndb5 Bc5 7. Nd6+ Ke7 8. Nxc8+ Rxc8 9. Bd3 d5 10. exd5 Nxd5 11. O-O Nxc3 12. bxc3 Qd5 13. Rb1 Ne5 14. c4 Qd7 15. Qh5 Nxd3 16. Qg5+ Kf8 17. cxd3 f6 18. Qg4 Kf7 19. Qe4 b6 20. a4 Rhd8 21. Qxh7 Qxd3 22. Qh5+ Qg6 23. Qxg6+ Kxg6 24. Bf4 Rd4 25. Bg3 Rxc4 26. Ra1 Bd4 27. Ra2 Rc2 28. Rxc2 Rxc2 29. Rd1 e5 30. h4 Ra2 31. Kh2 Rxa4 32. f4 exf4 33. Bxf4 Be5 34. Bxe5 fxe5 35. Kh3 Rb4 36. Rd6+ Kf7 37. Rd7+ Kf6 38. Rxa7 b5 39. Ra6+ Kf5 40. Ra7 Rb3+ 41. g3 g6 42. Rf7+ Ke6 43. Rg7 Kf6 44. Rb7 b4 45. Kg4 Rb1 46. Rb6+ Kf7 47. Kg5 Rg1 48. g4 Rb1 49. Rxg6 e4 50. Rf6+ Ke7 51. Rf4 Re1 52. Kf5 b3 53. Rf2 e3 54. Rb2 e2 55. Ke4 Kf6 56. Ke3 Rg1 57. Rxe2 Rxg4 58. Kd3 Rxh4 59. Kc3 Rh3+ 60. Kb2 Kf5 61. Re8 Kf4 62. Rb8 Ke4 63. Rxb3 Rxb3+ 64. Kxb3 1/2-1/2


[Site "https://www.chess.com"]

[Event "Titled Tuesday Blitz November 15 Early 2022"]
[White "Hambleton, Aman"]
[Black "Ezat, Mohamed"]
[WhiteFideId "2606577"]
[BlackFideId "10600906"]
[WhiteElo "2538"]
[BlackElo "2386"]
[Result "0-1"]
[Round "03"]
[TimeControl "180+1"]
[Date "2022.11.16"]
[WhiteClock "0:00:01"]
[BlackClock "0:00:37"]

1. d4 Nf6 2. c4 g6 3. Nc3 Bg7 4. e4 O-O 5. Bd3 Nc6 6. Nge2 d6 7. O-O Nb4 8. Bb1 e5 9. d5 a5 10. h3 Na6 11. Be3 Nc5 12. Bc2 c6 13. Qd2 cxd5 14. cxd5 b6 15. b3 Ba6 16. a3 Rc8 17. Rfc1 a4 18. b4 Nb3 19. Bxb3 axb3 20. b5 Bb7 21. f3 Nh5 22. Na4 f5 23. Rxc8 Qxc8 24. Nxb6 Qd8 25. a4 Nf4 26. a5 Bh6 27. Nxf4 exf4 28. Bxf4 Bg7 29. Rb1 b2 30. Be3 fxe4 31. fxe4 Qh4 32. Bd4 Qxe4 33. Bxg7 Qxb1+ 34. Kh2 Kxg7 35. Qd4+ Kg8 36. Nd7 Qc1 37. Nxf8 b1=Q 38. Ne6 Qh1+ 39. Kg3 Qbe1+ 40. Kf4 Qhf1+ 41. Kg5 Qf5+ 42. Kh6 Qc1+ 0-1


[Site "https://www.chess.com"]

[Event "Titled Tuesday Blitz November 15 Early 2022"]
[White "Harsha Bharathakoti"]
[Black "Trost, Edvin"]
[WhiteFideId "5078776"]
[BlackFideId "1729519"]
[WhiteElo "2871"]
[BlackElo "2672"]
[Result "1-0"]
[Round "03"]
[TimeControl "180+1"]
[Date "2022.11.16"]
[WhiteClock "0:00:27"]
[BlackClock "0:00:10"]

1. e4 c5 2. Nf3 d6 3. Bb5+ Bd7 4. Bxd7+ Nxd7 5. O-O Ngf6 6. Qe2 e6 7. c3 Be7 8. d4 cxd4 9. cxd4 d5 10. e5 Ne4 11. Rd1 O-O 12. Ne1 h6 13. f3 Ng5 14. Nc3 Rc8 15. Nd3 Qb6 16. Be3 f5 17. h4 Nf7 18. h5 Kh7 19. Nf4 Bg5 20. Ng6 Bxe3+ 21. Qxe3 Rfe8 22. Rd2 Nh8 23. Nf4 Rc6 24. g4 Rf8 25. Rf1 Kg8 26. Rg2 Qd8 27. Nd3 Qh4 28. Ne2 fxg4 29. Rxg4 Qxh5 30. Ng3 Qh3 31. Nf2 Qxf1+ 32. Kxf1 Kh7 33. Nh5 g5 34. f4 Rf5 35. fxg5 Rc2 36. Ng3 Rfxf2+ 37. Qxf2 Rxf2+ 38. Kxf2 hxg5 39. Rxg5 Nf7 40. Rg4 Nh6 41. Rf4 Kg6 42. Ke3 Nf7 43. Kd3 Nb6 44. b3 Nd7 45. a4 a6 46. Kc3 Nh6 47. Kb4 Nf7 48. Nf1 Nd8 49. Ne3 Nc6+ 50. Kc3 Kg5 51. Rf7 Ncb8 52. Re7 Kf4 53. Kd3 Nc6 54. Rxe6 Nb4+ 55. Ke2 Ke4 56. Rd6 Nf8 57. e6 Ng6 58. e7 Nxe7 59. Re6+ Kxd4 60. Rxe7 b5 61. axb5 axb5 62. Rc7 Nd3 63. Nf5+ Ke4 64. Nd6+ Kd4 65. Nxb5+ Ke4 66. Re7+ Kf5 67. Kxd3 Kf6 68. Re1 d4 69. Kxd4 Kg5 70. Kd5 Kh4 71. Nd4 Kh3 72. Re4 Kh2 1-0


[Site "https://www.chess.com"]

[Event "Titled Tuesday Blitz November 15 Early 2022"]
[White "Harshavardhan G B"]
[Black "Xiong, Jeffery"]
[WhiteFideId "25059009"]
[BlackFideId "2047640"]
[WhiteElo "2333"]
[BlackElo "2725"]
[Result "1/2-1/2"]
[Round "03"]
[TimeControl "180+1"]
[Date "2022.11.15"]
[WhiteClock "0:00:18"]
[BlackClock "0:00:06"]

1. d4 Nf6 2. c4 g6 3. Nc3 d5 4. h4 c5 5. cxd5 Nxd5 6. dxc5 Nxc3 7. Qxd8+ Kxd8 8. bxc3 Bg7 9. Kd2 Na6 10. Ba3 Kc7 11. e4 Bg4 12. Nf3 Rad8+ 13. Kc2 Bxf3 14. gxf3 Nb8 15. Rb1 Nc6 16. h5 Bh6 17. Bc1 Bxc1 18. Rxc1 Ne5 19. f4 Nd7 20. c6 Kxc6 21. Bc4 e6 22. f5 Ne5 23. Bb3 exf5 24. exf5 g5 25. f6 h6 26. Rce1 Ng4 27. Re7 Rd6 28. f3 Nxf6 29. Bxf7 Rhd8 30. Rhe1 R8d7 31. Bg6 Rd2+ 32. Kb3 Rxe7 33. Rxe7 Rd7 34. Re6+ Rd6 35. Re7 a6 36. a4 Rd7 37. Re6+ Rd6 38. Re7 b5 39. axb5+ axb5 40. Rf7 Kc5 41. Rc7+ Rc6 42. Re7 Rb6 43. Re5+ Kd6 44. Rf5 Ke6 45. Rc5 Kd6 46. Rf5 Nd7 47. Kb4 Ne5 48. Rf6+ Kc7 49. Rf5 Kd6 50. Rf6+ Kc7 51. Rf5 Kd6 1/2-1/2


[Site "https://www.chess.com"]

[Event "Titled Tuesday Blitz November 15 Early 2022"]
[White "Hartikainen, Jarmo"]
[Black "Garv Gaur"]
[WhiteFideId "503134"]
[BlackFideId "45030839"]
[WhiteElo "2189"]
[BlackElo "1960"]
[Result "0-1"]
[Round "03"]
[TimeControl "180+1"]
[Date "2022.11.16"]
[WhiteClock "0:00:01"]
[BlackClock "0:00:17"]

1. e4 c5 2. c3 d5 3. exd5 Qxd5 4. d4 Nf6 5. Nf3 Bg4 6. Be2 Nc6 7. c4 Qd7 8. d5 Bxf3 9. Bxf3 Nd4 10. Nc3 g6 11. Bf4 Bg7 12. O-O O-O 13. Re1 Rfe8 14. a4 Rad8 15. Nb5 Nxf3+ 16. Qxf3 b6 17. Re2 Nh5 18. Be5 Bxe5 19. Rxe5 e6 20. Rae1 exd5 21. cxd5 Rxe5 22. Rxe5 f6 23. Rxh5 gxh5 24. d6 a6 25. Nc3 Qxd6 26. h3 Re8 27. g3 Qe5 28. Qc6 Qe6 29. Qf3 Kh8 30. Kg2 b5 31. Qxh5 b4 32. Nd1 Qe4+ 33. Qf3 Qxf3+ 34. Kxf3 Rd8 35. Ne3 Rd2 36. b3 Rd3 37. Kf4 Rxb3 38. Kf5 Rc3 39. Kxf6 b3 40. Nf5 b2 41. Nh6 Rf3+ 0-1


[Site "https://www.chess.com"]

[Event "Titled Tuesday Blitz November 15 Early 2022"]
[White "Ibadov, Dashgyn"]
[Black "Kobo, Ori"]
[WhiteFideId "24107514"]
[BlackFideId "2812320"]
[WhiteElo "2208"]
[BlackElo "2447"]
[Result "1-0"]
[Round "03"]
[TimeControl "180+1"]
[Date "2022.11.16"]
[WhiteClock "0:00:03"]
[BlackClock "0:00:02"]

1. e4 c5 2. Nc3 Nc6 3. Bb5 Nd4 4. Nf3 a6 5. Bd3 g6 6. O-O Bg7 7. Rb1 Nxf3+ 8. Qxf3 d6 9. b4 cxb4 10. Rxb4 Nf6 11. Nd5 Nd7 12. Bb2 Bxb2 13. Rxb2 e6 14. Ne3 O-O 15. Nc4 b5 16. Ne3 Bb7 17. a4 Nc5 18. axb5 axb5 19. Rxb5 Ba6 20. Rxc5 Bxd3 21. cxd3 dxc5 22. Nc4 Qd4 23. e5 Rad8 24. g3 Qxd3 25. Ne3 Rd4 26. Rc1 c4 27. h4 h5 28. Rc2 Rfd8 29. Kh2 Qb3 30. Qf6 Rxd2 31. Rxc4 Rf8 32. Kh3 Qb1 33. Kh2 Re2 34. Ng2 Qf1 35. Rf4 Rb2 36. Ne3 Qe2 37. g4 Qxe3 38. gxh5 Qa7 39. h6 1-0


[Site "https://www.chess.com"]

[Event "Titled Tuesday Blitz November 15 Early 2022"]
[White "Ibarra Jerez, Jose Carlos"]
[Black "Manukyan, Sargis A."]
[WhiteFideId "2226332"]
[BlackFideId "13303970"]
[WhiteElo "2638"]
[BlackElo "2187"]
[Result "1-0"]
[Round "03"]
[TimeControl "180+1"]
[Date "2022.11.16"]
[WhiteClock "0:00:06"]
[BlackClock "0:00:03"]

1. e4 e6 2. d4 d5 3. Nc3 Bb4 4. Ne2 dxe4 5. a3 Bxc3+ 6. Nxc3 Nc6 7. d5 exd5 8. Qxd5 Nge7 9. Qxd8+ Nxd8 10. Nxe4 Bf5 11. Bd3 Ne6 12. Bd2 O-O-O 13. O-O-O Bg6 14. Rhe1 Nc6 15. f3 Ncd4 16. Bc4 Rhe8 17. Bc3 a6 18. b4 f6 19. Rd2 Nb5 20. Nxf6 gxf6 21. Bxe6+ Rxe6 22. Rxe6 Nxc3 23. Rxf6 Na2+ 24. Kd1 Nc3+ 25. Ke1 Nd5 26. Re6 Nf4 27. Rf6 Rxd2 28. Kxd2 Nxg2 29. c4 Kd7 30. Rf8 Nh4 31. Ke3 Nf5+ 32. Kf4 Nd6 33. c5 Nb5 34. a4 Nc3 35. Kg5 Nxa4 36. f4 Nc3 37. f5 Be8 38. Rh8 Ke7 39. Rxh7+ Bf7 40. Rh8 Ne4+ 41. Kf4 Nf2 42. Rb8 Nd3+ 43. Kg5 Nxb4 44. Rxb7 Nd5 45. Ra7 a5 46. Rxa5 Nc3 47. Kf4 Nd5+ 48. Ke5 Ne3 49. f6+ Kd7 50. Ra8 Ng4+ 51. Kf5 Ne3+ 52. Kg5 Kc6 53. h4 Kxc5 54. h5 Bxh5 55. Kxh5 Kd6 56. f7 1-0


[Site "https://www.chess.com"]

[Event "Titled Tuesday Blitz November 15 Early 2022"]
[White "Itgelt, Khuyagtsogt"]
[Black "Gonzalez, Francisco Silva"]
[WhiteFideId "4902912"]
[BlackFideId "1512285"]
[WhiteElo "2129"]
[BlackElo "2159"]
[Result "1-0"]
[Round "03"]
[TimeControl "180+1"]
[Date "2022.11.16"]
[WhiteClock "0:00:41"]
[BlackClock "0:01:52"]

1. d4 Nf6 2. c4 e6 3. Nf3 d5 4. Nc3 a6 5. cxd5 exd5 6. Bg5 Be6 7. e3 Bd6 8. Bd3 Nbd7 9. Qc2 c6 10. Bf4 Qb8 11. Bg3 O-O 12. O-O Rc8 13. Ng5 c5 14. Bxh7+ Kf8 15. Bf5 cxd4 16. exd4 Re8 17. Bxe6 fxe6 18. Rae1 e5 19. Qf5 exd4 20. Nxd5 Rxe1 21. Rxe1 Bxg3 22. Nh7+ Kg8 23. Nhxf6+ Nxf6 24. Nxf6+ gxf6 25. Qg6+ Kf8 26. Qxf6+ Kg8 27. Re7 Bxf2+ 28. Qxf2 Qf8 29. Qg3+ Qg7 30. Qxg7# 1-0


[Site "https://www.chess.com"]

[Event "Titled Tuesday Blitz November 15 Early 2022"]
[White "Ivic, Velimir"]
[Black "Kleiman, Jake"]
[WhiteFideId "950122"]
[BlackFideId "2020041"]
[WhiteElo "2625"]
[BlackElo "2613"]
[Result "1-0"]
[Round "03"]
[TimeControl "180+1"]
[Date "2022.11.16"]
[WhiteClock "0:00:10"]
[BlackClock "0:00:07"]

1. d4 Nf6 2. c4 e6 3. Nf3 Bb4+ 4. Bd2 Bxd2+ 5. Qxd2 O-O 6. Nc3 d5 7. e3 c6 8. Bd3 Nbd7 9. O-O dxc4 10. Bxc4 e5 11. Rad1 Qe7 12. dxe5 Nxe5 13. Nxe5 Qxe5 14. Qd6 Qxd6 15. Rxd6 Re8 16. Rfd1 Be6 17. Bxe6 fxe6 18. e4 e5 19. f3 Kf7 20. Na4 Re7 21. Nc5 b6 22. Nb3 c5 23. Nd2 Rc8 24. Nc4 b5 25. Ne3 c4 26. Ra6 g6 27. Kf2 b4 28. Ke2 c3 29. bxc3 bxc3 30. Rdd6 Nh5 31. Rac6 Rec7 32. Rxc7+ Rxc7 33. Kd3 Nf4+ 34. Kc2 Ne2 35. Rd5 Nd4+ 36. Kc1 c2 37. Nxc2 Rxc2+ 38. Kd1 Rxa2 39. Rxe5 Ne6 40. g3 Nd4 41. f4 Nf3 42. Rd5 Nxh2 43. Rd7+ Kg8 44. e5 Ng4 45. e6 Ne3+ 46. Ke1 Nf5 47. g4 Ng7 48. Rd8+ Ne8 49. Rxe8+ Kg7 50. f5 gxf5 51. gxf5 Ra5 52. Re7+ Kf6 53. Rf7+ Kg5 54. e7 Re5+ 55. Kd2 a5 56. f6 a4 57. Rf8 a3 58. e8=Q Rxe8 59. Rxe8 Kxf6 60. Ra8 Kg5 61. Rxa3 Kg4 62. Ke2 h5 63. Kf2 h4 64. Kg2 1-0


[Site "https://www.chess.com"]

[Event "Titled Tuesday Blitz November 15 Early 2022"]
[White "Janaszak, Dawid"]
[Black "Rosh Jain"]
[WhiteFideId "1119206"]
[BlackFideId "25789465"]
[WhiteElo "2226"]
[BlackElo "2233"]
[Result "1-0"]
[Round "03"]
[TimeControl "180+1"]
[Date "2022.11.16"]
[WhiteClock "0:00:51"]
[BlackClock "0:00:09"]

1. d4 Nf6 2. Bf4 d5 3. Nf3 e6 4. e3 Bd6 5. Nbd2 c5 6. Bb5+ Nc6 7. Bxc6+ bxc6 8. Bxd6 Qxd6 9. c3 Ba6 10. Qa4 Bb5 11. Qa3 Nd7 12. Nb3 e5 13. Nxc5 e4 14. Nd2 Nb6 15. b3 Qg6 16. g3 Qh5 17. c4 dxc4 18. Ncxe4 c3 19. Nxc3 Bd3 20. Qd6 Rc8 21. Qe5+ Qxe5 22. dxe5 Ke7 23. O-O-O Nd5 24. Nde4 Bxe4 25. Nxe4 Ke6 26. Nd6 Rc7 27. Nc4 Re8 28. f4 Rb8 29. Rd2 Kf5 30. Re1 Ke4 31. Nd6+ Kf3 32. e4 Nb4 33. Nf5 c5 34. h3 1-0


[Site "https://www.chess.com"]

[Event "Titled Tuesday Blitz November 15 Early 2022"]
[White "Jarmula, Lukasz"]
[Black "Hadzovic, Amir"]
[WhiteFideId "1160664"]
[BlackFideId "14402300"]
[WhiteElo "2357"]
[BlackElo "2262"]
[Result "1-0"]
[Round "03"]
[TimeControl "180+1"]
[Date "2022.11.16"]
[WhiteClock "0:01:47"]
[BlackClock "0:00:01"]

1. b3 e5 2. Bb2 Nc6 3. e3 Nf6 4. Nf3 e4 5. Nd4 Nxd4 6. Bxd4 d5 7. c4 dxc4 8. Bxc4 Be7 9. Nc3 O-O 10. O-O Bf5 11. Rc1 c6 12. f3 exf3 13. Qxf3 Bg6 14. a4 c5 15. Bxf6 Bxf6 16. Nd5 Be5 17. Qg4 a6 18. d4 cxd4 19. exd4 Bd6 20. h4 h5 21. Nf6+ Qxf6 22. Rxf6 hxg4 23. Rxd6 Be4 24. Re1 Rae8 25. Rd7 b5 26. axb5 axb5 27. Bxb5 Bc2 28. Rxe8 Rxe8 29. Bc4 Re3 30. Kf2 Rc3 31. Bxf7+ 1-0


[Site "https://www.chess.com"]

[Event "Titled Tuesday Blitz November 15 Early 2022"]
[White "Jaskolka, Tomasz"]
[Black "Ricaurte Lopez, Juan Carlos"]
[WhiteFideId "1170791"]
[BlackFideId "3600327"]
[WhiteElo "2126"]
[BlackElo "2209"]
[Result "1-0"]
[Round "03"]
[TimeControl "180+1"]
[Date "2022.11.16"]
[WhiteClock "0:00:45"]
[BlackClock "0:00:01"]

1. e4 e5 2. Nf3 Nc6 3. Nc3 Nf6 4. Nxe5 Bc5 5. Nxc6 dxc6 6. d3 Ng4 7. Be3 Nxe3 8. fxe3 Bxe3 9. Qf3 Bd4 10. Be2 O-O 11. O-O-O Be6 12. Kb1 a5 13. Qf4 b5 14. Bg4 a4 15. Ne2 Bf6 16. Bxe6 fxe6 17. Qg4 Qd6 18. d4 e5 19. d5 c5 20. Ng3 a3 21. b3 c4 22. Rhf1 Qc5 23. Qe2 cxb3 24. cxb3 Bg5 25. Qc2 Qe3 26. Nf5 Qb6 27. h4 Bf4 28. g3 Be3 29. Qe2 Bd4 30. Rc1 Qg6 31. Ne7+ 1-0


[Site "https://www.chess.com"]

[Event "Titled Tuesday Blitz November 15 Early 2022"]
[White "Jeet, Jain"]
[Black "Pino Perez, Lazaro"]
[WhiteFideId "5073022"]
[BlackFideId "3517055"]
[WhiteElo "2067"]
[BlackElo "2170"]
[Result "1-0"]
[Round "03"]
[TimeControl "180+1"]
[Date "2022.11.16"]
[WhiteClock "0:02:22"]
[BlackClock "0:00:54"]

1. d4 d5 2. Nf3 Nf6 3. Bf4 e6 4. e3 Bd6 5. Bg3 O-O 6. Nbd2 c5 7. c3 Qc7 8. Ne5 Nfd7 9. f4 f6 10. Nxd7 Nxd7 11. Bd3 e5 12. O-O b6 13. Qh5 g6 14. Bxg6 hxg6 15. Qxg6+ Kh8 16. fxe5 fxe5 17. dxe5 Nxe5 18. Bxe5+ 1-0


[Site "https://www.chess.com"]

[Event "Titled Tuesday Blitz November 15 Early 2022"]
[White "Jiganchine, Roman"]
[Black "Shuvalova, Polina"]
[WhiteFideId "2603667"]
[BlackFideId "24171760"]
[WhiteElo "2319"]
[BlackElo "2342"]
[Result "0-1"]
[Round "03"]
[TimeControl "180+1"]
[Date "2022.11.16"]
[WhiteClock "0:00:02"]
[BlackClock "0:00:29"]

1. e4 c5 2. Nf3 Nc6 3. Bb5 g6 4. O-O Bg7 5. Re1 Nf6 6. c3 O-O 7. d4 d5 8. e5 Ne4 9. h3 a6 10. Bxc6 bxc6 11. Nbd2 cxd4 12. cxd4 c5 13. dxc5 Nxc5 14. Nb3 Nxb3 15. axb3 Bf5 16. Nd4 Bd7 17. Bd2 Qb6 18. Ba5 Qb7 19. Rc1 Rac8 20. Qd2 Rxc1 21. Qxc1 Rc8 22. Qd2 e6 23. h4 Qb8 24. Qe3 h5 25. Bc3 Kh7 26. b4 Bh6 27. Qf3 Be8 28. Qg3 Rc4 29. Kh1 Bf8 30. Nf3 Rg4 31. Ng5+ Kg8 32. Qh3 Be7 33. f3 Rc4 34. Nxe6 Bd7 35. f4 Bxe6 36. Qg3 d4 37. f5 Bxf5 38. Bd2 Bxb4 39. Bf4 Bxe1 40. Qxe1 Qc8 41. Qg3 d3 42. e6 Qxe6 0-1


[Site "https://www.chess.com"]

[Event "Titled Tuesday Blitz November 15 Early 2022"]
[White "Johnson, Ben"]
[Black "Buscar, Michael"]
[WhiteFideId "2010917"]
[BlackFideId "2603616"]
[WhiteElo "2119"]
[BlackElo "2010"]
[Result "0-1"]
[Round "03"]
[TimeControl "180+1"]
[Date "2022.11.16"]
[WhiteClock "0:00:02"]
[BlackClock "0:00:32"]

1. Nf3 d5 2. e3 a6 3. c4 e6 4. b3 Nf6 5. Bb2 b6 6. cxd5 Nxd5 7. e4 Nb4 8. d4 Bb7 9. a3 N4c6 10. Be2 Nd7 11. O-O Nf6 12. Nc3 Be7 13. e5 Nd5 14. Ne4 Nf4 15. Re1 Nxe2+ 16. Rxe2 O-O 17. Rc1 Na5 18. b4 Nc6 19. Rec2 Nxb4 20. axb4 Bxe4 21. Rxc7 Bxb4 22. Qb3 a5 23. Ne1 Bxe1 24. Qe3 Bxf2+ 25. Kxf2 Qh4+ 26. Qg3 Qxg3+ 27. Kxg3 b5 28. R7c5 b4 29. Rb5 Rfb8 30. Rcc5 Rxb5 31. Rxb5 Bd5 32. Kf2 h5 33. g3 Rc8 34. Ke3 Rc2 35. Ba1 Ra2 0-1


[Site "https://www.chess.com"]

[Event "Titled Tuesday Blitz November 15 Early 2022"]
[White "Jumabayev, Rinat"]
[Black "Kouskoutis, Georgios-Alexandros"]
[WhiteFideId "13702661"]
[BlackFideId "4234049"]
[WhiteElo "2561"]
[BlackElo "2187"]
[Result "1-0"]
[Round "03"]
[TimeControl "180+1"]
[Date "2022.11.16"]
[WhiteClock "0:00:22"]
[BlackClock "0:00:03"]

1. d4 Nf6 2. Nf3 d5 3. c3 e6 4. Bf4 Bd6 5. e3 O-O 6. Bd3 b6 7. Qe2 a5 8. Nbd2 Ba6 9. Bxa6 Nxa6 10. Ne5 c5 11. O-O Nb8 12. dxc5 Bxc5 13. Rfd1 Nbd7 14. Nef3 Qe7 15. e4 dxe4 16. Nxe4 Nxe4 17. Qxe4 Nf6 18. Qe2 Rfd8 19. Ne5 Qe8 20. h3 h6 21. Qf3 Nd5 22. Bg3 a4 23. Rd3 Ne7 24. Rad1 Nf5 25. Bf4 Rxd3 26. Qxd3 Be7 27. Qd7 Bf6 28. Qxe8+ Rxe8 29. Nd7 b5 30. g4 Nh4 31. Nxf6+ gxf6 32. Bxh6 f5 33. Kf1 Kh7 34. Be3 fxg4 35. hxg4 Kg6 36. Rd4 Nf3 37. Rb4 Rb8 38. c4 Ne5 39. cxb5 f5 40. gxf5+ Kxf5 41. Ke2 a3 42. bxa3 Ng4 43. a4 Nxe3 44. fxe3 Ke5 45. b6 Kd5 46. a5 Kc5 47. Rb3 1-0


[Site "https://www.chess.com"]

[Event "Titled Tuesday Blitz November 15 Early 2022"]
[White "Kaidanov, Gregory"]
[Black "Fiol, Fabrice"]
[WhiteFideId "2008564"]
[BlackFideId "611670"]
[WhiteElo "2636"]
[BlackElo "2416"]
[Result "1-0"]
[Round "03"]
[TimeControl "180+1"]
[Date "2022.11.16"]
[WhiteClock "0:00:04"]
[BlackClock "0:00:06"]

1. Nf3 b6 2. e4 e6 3. d4 Bb7 4. Bd3 c5 5. dxc5 Bxc5 6. O-O Qc7 7. Nc3 a6 8. Qe2 Ne7 9. Na4 O-O 10. c4 Ng6 11. Nxc5 bxc5 12. g3 Nc6 13. Be3 d6 14. Rad1 Nce5 15. Nxe5 Nxe5 16. Bc2 f5 17. f4 Ng4 18. h3 Nxe3 19. Qxe3 Qc6 20. Rfe1 Rad8 21. Kh2 h6 22. Rd2 Kh8 23. Qc3 e5 24. exf5 exf4 25. Be4 Qc7 26. Bxb7 Qxb7 27. gxf4 Rxf5 28. Re6 Rxf4 29. Rxh6+ Kg8 30. Rg6 Rd7 31. Qg3 Qe4 32. Rg2 Rff7 33. b3 a5 34. Rxd6 Rxd6 35. Qxd6 a4 36. Qd8+ Kh7 37. Qg5 Kg8 38. Qxc5 Qf4+ 39. Kh1 Qc1+ 40. Rg1 Qh6 41. Qc8+ Kh7 42. Qg4 Qc6+ 43. Qg2 Qh6 44. Kh2 Qf4+ 45. Qg3 Qd2+ 46. Rg2 Qh6 47. c5 axb3 48. axb3 Qh5 49. c6 g6 50. Rc2 Rf3 51. Qg2 Qe5+ 52. Kh1 Qf5 53. Rc1 Rxh3+ 54. Kg1 Qh5 55. c7 Rh4 56. c8=Q Rg4 57. Qcxg4 Qxg4 58. Qxg4 Kh6 59. Rc6 Kh7 60. Qxg6+ Kh8 61. Rc8# 1-0


[Site "https://www.chess.com"]

[Event "Titled Tuesday Blitz November 15 Early 2022"]
[White "Kamsky, Gata"]
[Black "Korchmar, Vasiliy"]
[WhiteFideId "2000024"]
[BlackFideId "24131750"]
[WhiteElo "2666"]
[BlackElo "2370"]
[Result "1-0"]
[Round "03"]
[TimeControl "180+1"]
[Date "2022.11.15"]
[WhiteClock "0:00:40"]
[BlackClock "0:00:01"]

1. e4 c5 2. Nf3 d6 3. d4 cxd4 4. Nxd4 Nf6 5. Nc3 Nc6 6. Bg5 Bd7 7. Qd2 a6 8. f3 e6 9. O-O-O Be7 10. h4 Nxd4 11. Qxd4 Qc7 12. Kb1 b5 13. Bd3 O-O 14. g4 b4 15. Ne2 e5 16. Qxb4 Rab8 17. Qc3 Qb6 18. b3 Rfc8 19. Qd2 a5 20. Be3 Qc7 21. Ba6 Rd8 22. Qc3 Bc6 23. g5 Nh5 24. Rd5 a4 25. Bb5 axb3 26. axb3 Rdc8 27. Bxc6 Qxc6 28. Qxc6 Rxc6 29. Ra5 Rbc8 30. c4 f6 31. Nc3 fxg5 32. hxg5 Nf4 33. Bxf4 exf4 34. g6 hxg6 35. Nd5 Bd8 36. Ra7 Rb8 37. Kc2 Rcc8 38. Nxf4 Ra8 39. Rxa8 Rxa8 40. Nd5 Ra2+ 41. Kc3 Rf2 42. Rh3 g5 43. b4 Re2 44. b5 g4 45. fxg4 Rxe4 46. Re3 Ba5+ 47. Kd3 Rxg4 48. b6 Rg1 49. b7 Rd1+ 50. Kc2 Rd2+ 51. Kc1 1-0


[Site "https://www.chess.com"]

[Event "Titled Tuesday Blitz November 15 Early 2022"]
[White "Karas, Marek"]
[Black "De Arruda, Leandro Formes"]
[WhiteFideId "14928558"]
[BlackFideId "22722009"]
[WhiteElo "2220"]
[BlackElo "1880"]
[Result "1-0"]
[Round "03"]
[TimeControl "180+1"]
[Date "2022.11.16"]
[WhiteClock "0:00:43"]
[BlackClock "0:00:33"]

1. e4 e6 2. d4 d5 3. e5 c5 4. c3 Nc6 5. Nf3 Qb6 6. Bd3 Bd7 7. O-O cxd4 8. Re1 dxc3 9. Nxc3 Bb4 10. Ng5 h6 11. Qh5 Nd8 12. Nxf7 Nxf7 13. Bg6 O-O-O 14. Bxf7 Rf8 15. Bd2 g6 16. Bxg6 Qxf2+ 17. Kh1 Qxd2 18. Qg4 Qxb2 19. Rab1 Bxc3 20. Rxb2 Bxe1 21. Rc2+ Kb8 22. Bd3 Ne7 23. Qg7 Re8 24. h3 h5 25. Qg5 h4 26. Qe3 Bg3 27. Rb2 Nc6 28. Ba6 b6 29. Rxb6+ axb6 30. Qxb6+ 1-0


[Site "https://www.chess.com"]

[Event "Titled Tuesday Blitz November 15 Early 2022"]
[White "Kazancev, Valerij M"]
[Black "Osiecki, Stanislaw"]
[WhiteFideId "4179609"]
[BlackFideId "1102990"]
[WhiteElo "2361"]
[BlackElo "2088"]
[Result "1-0"]
[Round "03"]
[TimeControl "180+1"]
[Date "2022.11.16"]
[WhiteClock "0:00:41"]
[BlackClock "0:00:11"]

1. c4 Nf6 2. Nc3 g6 3. g3 d6 4. Bg2 e5 5. e3 Bg7 6. Nge2 O-O 7. O-O Nbd7 8. b4 c6 9. b5 Qc7 10. d3 Nc5 11. a4 Bd7 12. Ba3 Nh5 13. Rc1 f5 14. d4 Ne6 15. d5 Nc5 16. dxc6 bxc6 17. a5 Rad8 18. Bxc5 dxc5 19. Qa4 e4 20. Qa3 Be6 21. Qxc5 Qxa5 22. Qxc6 Rf6 23. Ra1 Qb6 24. Ra6 Qxc6 25. Rxc6 Rc8 26. Rxc8+ Bxc8 27. Nd5 Re6 28. Nd4 Bxd4 29. exd4 Bb7 30. Nb4 Nf6 31. Ra1 Ng4 32. Rxa7 Bc8 33. Ra8 Re8 34. b6 Kf7 35. c5 e3 36. fxe3 Nxe3 37. Rxc8 Rxc8 38. b7 Rb8 39. c6 Nxg2 40. Kxg2 1-0


[Site "https://www.chess.com"]

[Event "Titled Tuesday Blitz November 15 Early 2022"]
[White "Khamdamova, Afruza"]
[Black "Nouri, Alekhine"]
[WhiteFideId "14210444"]
[BlackFideId "5216184"]
[WhiteElo "2018"]
[BlackElo "2151"]
[Result "1/2-1/2"]
[Round "03"]
[TimeControl "180+1"]
[Date "2022.11.16"]
[WhiteClock "0:00:08"]
[BlackClock "0:00:36"]

1. e4 c5 2. Nf3 d6 3. d4 cxd4 4. Nxd4 Nf6 5. Nc3 a6 6. Bg5 e6 7. f4 h6 8. Bh4 Qb6 9. Qd2 Qxb2 10. Rb1 Qa3 11. f5 Be7 12. fxe6 fxe6 13. Bc4 Nxe4 14. Nxe4 Bxh4+ 15. g3 Bg5 16. Nxg5 hxg5 17. O-O Qc5 18. Bxe6 Bxe6 19. Rbe1 Nc6 20. Rxe6+ Kd8 21. c3 Kc7 22. Rf7+ Kb8 23. Qb2 b5 24. Qf2 Rc8 25. Nxc6+ Rxc6 26. Re8+ Rc8 27. Qxc5 dxc5 28. Ree7 Rg8 29. Rb7+ Kc8 30. Rbc7+ Kd8 31. Rxc5 Rc8 32. Rd5+ Ke8 33. Rdd7 Rxc3 34. Rfe7+ Kf8 35. Rf7+ Ke8 36. Rfe7+ Kf8 37. Rf7+ Ke8 1/2-1/2


[Site "https://www.chess.com"]

[Event "Titled Tuesday Blitz November 15 Early 2022"]
[White "Khandelwal, Ankush"]
[Black "Chylewski, Patryk"]
[WhiteFideId "413470"]
[BlackFideId "1186191"]
[WhiteElo "2271"]
[BlackElo "2192"]
[Result "1-0"]
[Round "03"]
[TimeControl "180+1"]
[Date "2022.11.16"]
[WhiteClock "0:01:09"]
[BlackClock "0:01:00"]

1. e4 c5 2. Nf3 e6 3. d4 cxd4 4. Nxd4 Nc6 5. Nc3 Qc7 6. Be3 a6 7. a3 Nf6 8. f4 d6 9. Qf3 Be7 10. O-O-O Nxd4 11. Bxd4 e5 12. fxe5 dxe5 13. Qg3 O-O 14. Bxe5 Qa5 15. Nd5 Kh8 16. Nxe7 Nh5 17. Qg5 Bg4 18. Bxg7+ Nxg7 19. Qxa5 Bxd1 20. Kxd1 Rad8+ 21. Bd3 Ne6 22. Qe5+ 1-0


[Site "https://www.chess.com"]

[Event "Titled Tuesday Blitz November 15 Early 2022"]
[White "Kirillov, Dmitry"]
[Black "Dilmukhametov, Artur"]
[WhiteFideId "34180572"]
[BlackFideId "24179922"]
[WhiteElo "2095"]
[BlackElo "2197"]
[Result "1-0"]
[Round "03"]
[TimeControl "180+1"]
[Date "2022.11.16"]
[WhiteClock "0:00:07"]
[BlackClock "0:00:43"]

1. e4 e6 2. d4 d5 3. e5 c5 4. c3 Qb6 5. Nf3 Nc6 6. a3 cxd4 7. cxd4 Nh6 8. Bd3 Bd7 9. Bc2 Nf5 10. Bxf5 exf5 11. Nc3 Be6 12. O-O Be7 13. b4 a6 14. Bb2 O-O 15. Rc1 f6 16. Re1 fxe5 17. Nxe5 Qc7 18. Nxc6 Qxc6 19. Qe2 Rf6 20. Nb1 Qd6 21. Nd2 Re8 22. Nf3 Bd8 23. Ne5 Bc7 24. f4 Rh6 25. b5 a5 26. a4 b6 27. Rc6 Qe7 28. Qd3 Bxe5 29. Rxe5 Kf7 30. g3 Rb8 31. Ba3 Qd7 32. Qc3 Rb7 33. Rd6 Qe8 34. Qc6 Qb8 35. Rdxe6 Rxe6 36. Qxe6# 1-0


[Site "https://www.chess.com"]